AoeStats
← lxnmnk Trade | B | S

Black Forest

510409662Analyzed
4v4 RM · 1d ago on Sep 30, 2026· 40m 10s· 8 players
Game mode
Random Map
Map size
Large (8 player)
Population
200
Speed
Normal
Resources
Standard
Victory
Conquest
Starting age
Dark Age
Ending age
Imperial Age
RankedLock teamsTeams togetherTeam positionsShared explorationLock speedFull tech treeHidden civsTurbo modeCheats
Victory
Defeat
🇩🇪 Gurjaras · Germany
1837
+7
🇺🇦 Bohemians · Ukraine
1737
+11
🇧🇪 Chinese · Belgium
1690
+12
🇨🇱 Bengalis · Chile
1642
+14
🇲🇦 Khmer · Morocco
1768
-16
🇲🇦 Khitans · Morocco
1651
-12
🇫🇷 Maya · France
1579
-10
🇲🇦 Tatars · Morocco
1464
-6
Komi
0:25 Loom
8:26 Feudal Age
14:37 Fletching
22:34 Castle Age
21:25 Padded Archer Armor
22:35 Crossbowman
23:21 Bodkin Arrow
28:20 Leather Archer Armor
29:23 Ballistics
29:43 Guard Tower
29:56 Double-Bit Axe
30:26 Horse Collar
34:30 Bow Saw
34:28 Gold Mining
35:22 Wheelbarrow
40:05 Imperial Age
38:13 Heavy Plow
38:41 Hand Cart
39:25 Thumb Ring
lxnmnk Trade | B | S
11:26 Feudal Age
12:21 Double-Bit Axe
15:25 Castle Age
14:18 Fishing Lines
16:38 Bow Saw
17:46 Wheelbarrow
18:22 Chemistry
23:27 Gillnets
30:15 Imperial Age
30:13 Masonry
30:24 Ballistics
31:15 Hand Cart
30:45 Loom
30:46 Town Watch
30:35 Houfnice
32:47 Siege Engineers
34:09 Coinage
34:04 Conscription
34:00 Guilds
33:52 Elite Hussite Wagon
35:13 Fletching
36:58 Bodkin Arrow
37:47 Bracer
39:10 Banking
40:21 Two-Man Saw
39:59 Architecture
[CL] ElPali
2:31 Loom
23:36 Feudal Age
27:31 Castle Age
26:05 Stone Mining
26:32 Double-Bit Axe
27:38 Town Watch
29:07 Wheelbarrow
30:05 Fletching
32:28 Bow Saw
32:59 Gold Mining
36:27 Horse Collar
39:04 Gold Shaft Mining
42:56 Imperial Age
40:45 Hand Cart
Jan Itor
11:48 Feudal Age
12:30 Double-Bit Axe
15:19 Castle Age
14:43 Fishing Lines
16:16 Bow Saw
20:48 Horse Collar
24:20 Wheelbarrow
23:38 Loom
25:27 Gold Mining
29:11 Imperial Age
27:18 Forging
27:28 Scale Barding Armor
28:16 Hand Cart
28:37 Gold Shaft Mining
28:43 Iron Casting
28:52 Husbandry
29:15 Chain Barding Armor
29:24 Bloodlines
29:37 Elite Shrivamsha Rider
30:15 Heavy Camel Rider
33:09 Plate Barding Armor
32:59 Conscription
33:05 Kshatriyas
36:08 Heavy Plow
35:33 Siege Elephant
39:21 Coinage
39:33 Caravan
40:55 Banking
KissBB
0:46 Loom
19:19 Feudal Age
19:58 Horse Collar
24:12 Castle Age
22:45 Gold Mining
22:44 Double-Bit Axe
24:14 Bloodlines
24:37 Scale Barding Armor
25:57 Town Watch
27:26 Wheelbarrow
27:44 Bow Saw
29:32 Chain Barding Armor
34:34 Imperial Age
33:22 Forging
34:40 Cavalier
36:47 Plate Barding Armor
38:24 Gold Mining
38:36 Heavy Plow
39:10 Husbandry
Le mouch
0:26 Loom
12:25 Feudal Age
14:03 Double-Bit Axe
16:26 Castle Age
16:17 Fishing Lines
17:47 Bow Saw
18:39 Wheelbarrow
18:24 Gillnets
19:49 Gold Mining
20:55 Fletching
21:30 Padded Archer Armor
23:51 Ballistics
24:26 Leather Archer Armor
24:09 Bodkin Arrow
24:29 Leather Archer Armor
29:12 Imperial Age
30:36 Bracer
30:27 Guard Tower
31:44 Chemistry
31:50 Ring Archer Armor
31:17 Elite Plumed Archer
Nerv
6:24 Loom
9:56 Feudal Age
14:46 Fletching
26:33 Castle Age
24:39 Fishing Lines
25:02 Padded Archer Armor
26:38 Crossbowman
28:58 Bodkin Arrow
29:44 Elite Skirmisher
Youssef
12:13 Feudal Age
13:16 Double-Bit Axe
16:17 Castle Age
17:06 Forging
18:17 Husbandry
19:45 Light Cavalry
20:15 Fishing Lines
22:53 Light Cavalry
25:03 Wheelbarrow
24:09 Domestication
24:42 Loom
26:33 Hand Cart
26:09 Gillnets
26:25 Pastoralism
26:35 Bow Saw
33:02 Imperial Age
30:48 Heavy Cavalry Archer
31:34 Thumb Ring
31:20 Fletching
31:31 Padded Archer Armor
31:52 Ballistics
32:37 Bodkin Arrow
33:57 Bracer
35:06 Chemistry
35:25 Leather Archer Armor
39:15 Coinage
39:39 Ring Archer Armor
Connection lost

Rejoining the realm…

Still unreachable

The connection could not be restored.

Session expired

The server has moved on; the page needs a fresh start.